Cogmind - Beta 13 *** ADVENTURER MODE // 2024.05.07 @ 09:55:12 Player: Shadmock Result: Core destroyed Performance ------------- Evolutions (6) 3000 Regions Visited (13) 2600 Robots Destroyed (196) 980 Value Destroyed (7379) 7379 Prototype IDs (12) 240 Alien Tech Used (0) 0 Bonus (2923) 2923 TOTAL SCORE: 17122 Bonus ------- High Alert Combat Kills 560 Follower Combat Kills 858 Entered Garrisons 600 Used RIF Installer 1000 Friendly Fire -95 Cogmind --------- Core Integrity 0/1150 Matter 290/300 Energy 79/100 System Corruption 23% Temperature Cool (0) Movement Core (50) Location -4/Garrison Parts ------- > --- POWER (3) -------- (None) > --- PROPULSION (4) --- (None) > --- UTILITY (10) ----- (None) > --- WEAPON (2) ------- (None) > --- INVENTORY (5) ---- Reinforced Deuterium Engine Reinforced Deuterium Engine Advanced Datajack Improved Plasma Cutter Peak State ------------ > --- POWER ------------ Antimatter Reactor Antimatter Reactor Light Antimatter Reactor > --- PROPULSION ------- Carbon-fiber Leg Carbon-fiber Leg Myomer Leg Myomer Leg > --- UTILITY ---------- Advanced Heat Sink Visual Processing Unit Improved Sensor Array Improved Signal Interpreter Improved Targeting Computer Advanced Targeting Computer Target Analyzer Target Analyzer Improved Phase Shifter Advanced Hacking Suite > --- WEAPON ----------- KE Penetrator Phasing Sabre > --- INVENTORY -------- Armor Integrity Analyzer Heavy Laser Flak Gun Advanced Datajack Improved Plasma Cutter [Rating: 92] Favorites ----------- Power Light Nuclear Core Engine Improved Ion Engine Power Core Light Nuclear Core Reactor Light Quantum Reactor Propulsion Wheel Treads Medium Treads Leg Carbon-fiber Leg Wheel Wheel Hover Unit Gravmag System Flight Unit Improved VTOL Module Utility Authchip [R/Combat] Device Improved Heat Sink Storage Small Storage Unit Processor Improved Targeting Computer Hackware Authchip [R/Combat] Protection Improved Light Armor Plating Weapon KE Penetrator Energy Gun Medium Laser Energy Cannon Light EM Pulse Cannon Ballistic Gun KE Penetrator Ballistic Cannon Gauss Cannon Special Weapon Welding Torch Slashing Weapon Phasing Sabre Special Melee Weapon Improved Datajack Build | -11 -10 -10 -8 -7 -7 -7 -6 -6 -5 -5 -5 -4 -4 ------- Run | Yrd Mat Sub Mat Fac Gar Fac Fac Gar Fac Ext Cet Fac Gar Slots Evolved 12 | . . . 4 2 . . 2 . 2 . . 2 . Power 2 | . . . . 1 . . 1 . . . . . . Propulsion 2 | . . . . . . . 1 . . . . 1 . Utility 8 | . . . 4 1 . . . . 2 . . 1 . Weapon . | . . . . . . . . . . . . . . Parts Attached 278 | 7 21 17 51 4 36 41 . 49 8 23 . 17 4 Power 53 | 1 3 . 12 1 6 10 . 10 . 4 . 6 . Engine 26 | 1 3 . 9 . 2 3 . 3 . 4 . 1 . Core 18 | . . . 3 1 3 7 . 4 . . . . . Reactor 9 | . . . . . 1 . . 3 . . . 5 . Propulsion 63 | 2 11 1 7 1 9 7 . 14 1 5 . 3 2 Treads 7 | . 1 . . . 4 . . 2 . . . . . Leg 29 | . . . 2 1 5 7 . 6 . 5 . 3 . Wheel 16 | 2 10 1 3 . . . . . . . . . . Hover 4 | . . . . . . . . 3 1 . . . . Flight 7 | . . . 2 . . . . 3 . . . . 2 Utility 80 | 2 1 4 16 2 12 16 . 10 4 9 . 4 . Device 34 | 1 . 2 6 1 5 5 . 5 3 5 . 1 . Storage 2 | 1 . . 1 . . . . . . . . . . Processor 18 | . 1 1 6 . . 1 . 4 1 2 . 2 . Hackware 9 | . . . 2 1 4 1 . . . . . 1 . Protection 17 | . . 1 1 . 3 9 . 1 . 2 . . . Artifact . | . . . . . . . . . . . . . . Weapon 82 | 2 6 12 16 . 9 8 . 15 3 5 . 4 2 Energy Gun 39 | 1 3 7 6 . 3 3 . 10 2 3 . . 1 Energy Cannon 5 | . 1 2 1 . 1 . . . . . . . . Ballistic Gun 14 | . 1 . 1 . 4 1 . 2 . 2 . 2 1 Ballistic Cannon 4 | . . . . . 1 2 . 1 . . . . . Launcher . | . . . . . . . . . . . . . . Special Weapon 16 | 1 1 3 8 . . . . 1 1 . . 1 . Impact Weapon . | . . . . . . . . . . . . . . Slashing Weapon 3 | . . . . . . 1 . 1 . . . 1 . Piercing Weapon . | . . . . . . . . . . . . . . Special Melee Weapon 1 | . . . . . . 1 . . . . . . . Unidentified Prototypes 4 | . . . 4 . . . . . . . . . . Corrupted Parts 1 | . . . . . . . . 1 . . . . . System Corruption 2 | . . . . . . . . 2 . . . . . Parts Lost 124 | . 2 1 11 . 20 13 . 32 8 11 1 9 16 Power 24 | . 1 . 4 . 4 2 . 5 2 2 . 3 1 Propulsion 26 | . . 1 . . 3 3 . 7 3 2 . 3 4 Utility 46 | . . . 3 . 8 6 . 13 . 5 1 3 7 Weapon 28 | . 1 . 4 . 5 2 . 7 3 2 . . 4 Highest Loss Streak 13 | . 2 1 4 . 13 3 . 12 8 9 1 3 12 To Critical Strikes 3 | . . . . . . . . . . . 1 1 1 Average Slot Usage (%) 91 | . 98 96 93 99 91 98 86 65 65 82 91 90 25 Engine 6 | . 14 14 4 7 4 2 . 2 4 8 11 7 . Core 4 | . . . 3 6 8 10 13 7 7 . . . . Treads 1 | . 2 . . . 6 . . . . . . . . Leg 7 | . . . 3 15 7 14 13 8 . 14 17 18 3 Wheel 7 | . 24 27 8 . . . . . . . . . . Device 12 | . 11 10 12 14 13 13 20 12 . 19 20 14 3 Storage 1 | . 14 . 1 . . . . . . . . . . Processor 9 | . 2 10 21 23 1 . . 4 27 24 29 29 10 Hackware 10 | . . . 13 15 23 18 6 3 . . . 4 3 Protection 6 | . . 3 . . 6 18 20 7 . 1 . . . Energy Gun 8 | . 13 15 10 15 4 3 13 7 8 4 5 1 1 Ballistic Gun 4 | . 6 . 1 . 6 8 . 1 . 4 5 5 1 Ballistic Cannon 1 | . . . . . 2 2 . 1 . . . . . Special Weapon 3 | . 4 12 4 . . . . . . . . . . Naked Turns 77 | . . . . . . . . 14 . . . . 63 Heaviest Build 63 | 12 19 31 19 20 63 59 36 45 27 46 29 57 26 Greatest Support 75 | 32 32 30 40 40 50 48 34 52 27 50 50 75 40 Greatest Overweight (x) 5 | . 1 2 5 . 4 3 1 5 1 1 . 1 . Average Overweight (x) . | . . . . . . . 1 . . . . . . Largest Inventory Capacity 8 | 8 8 8 5 5 5 5 5 5 5 5 5 5 5 Average Capacity 5 | 7 8 5 5 5 5 5 5 5 5 5 5 5 5 Most Carried 8 | 5 8 7 5 5 5 5 5 5 5 5 5 5 5 Average Carried 4 | 2 7 4 4 4 4 4 5 2 4 3 5 4 3 Final Capacity 8 | 8 8 5 5 5 5 5 5 5 5 5 5 5 5 Final Carried 8 | 5 8 5 5 4 5 5 5 5 5 5 5 4 4 Class Distribution -------------------- 40% | Scavenger-Mutant 26% | Mutant 18% | Hacker-Mutant 6% | Scavenger-Skirmisher 4% | Hacker-Sprinter Dominant Class ---------------- Mutant | -10/Materials Mutant | -10/Subcaves Hacker-Sprinter | -8/Materials Hacker-Mutant | -7/Factory Scavenger-Mutant | -7/Garrison Scavenger-Mutant | -7/Factory Scavenger-Mutant | -6/Factory Scavenger-Mutant | -6/Garrison Scavenger-Mutant | -5/Factory Scavenger-Skirmisher | -5/Extension Scavenger-Skirmisher | -5/Cetus Scavenger-Assassin | -4/Factory Hacker-Mutant | -4/Garrison Resources | -11 -10 -10 -8 -7 -7 -7 -6 -6 -5 -5 -5 -4 -4 ----------- Run | Yrd Mat Sub Mat Fac Gar Fac Fac Gar Fac Ext Cet Fac Gar Matter Collected 4741 | 270 221 165 536 . 657 1846 . 590 . 318 . 138 . Remotely . | . . . . . . . . . . . . . . Salvage Created 7776 | 161 739 94 1763 43 743 2342 . 882 70 614 . 325 . Parts 377 | 11 51 7 81 2 30 102 . 46 . 25 . 22 . Haulers Intercepted 9 | . 2 . 6 1 . . . . . . . . . Recyclers Shooed 4 | . . . . . . 4 . . . . . . . Parts Field Recycled . | . . . . . . . . . . . . . . Retrieved Matter . | . . . . . . . . . . . . . . Parts Self-Destructed 8 | . . 8 . . . . . . . . . . . Prevented . | . . . . . . . . . . . . . . Kills | -11 -10 -10 -8 -7 -7 -7 -6 -6 -5 -5 -5 -4 -4 ------- Run | Yrd Mat Sub Mat Fac Gar Fac Fac Gar Fac Ext Cet Fac Gar Combat Hostiles Destroyed 138 | . 12 3 26 . 22 41 . 22 1 6 . 5 . Melee 5 | . . . . . . . . . . . . 5 . Guns 95 | . 9 3 12 . 16 30 . 19 . 6 . . . Cannons 31 | . 2 . 11 . 4 11 . 3 . . . . . AOE 4 | . 1 . 2 . 1 . . . . . . . . Classes Destroyed 20 | 2 5 1 4 . 2 4 . 1 . . . 1 . Worker 18 | . . . 10 . . 8 . . . . . . . Builder 6 | . 2 . 3 . . 1 . . . . . . . Tunneler 7 | 3 2 . . . . 2 . . . . . . . Hauler 9 | . 2 . 6 1 . . . . . . . . . Recycler 5 | 1 1 . 1 . . 1 . . . 1 . . . Mechanic 1 | . . . . . . 1 . . . . . . . Operator 1 | . . . . . . 1 . . . . . . . Watcher 12 | . 3 . 4 . . 2 . . . 3 . . . Swarmer 18 | . 3 . 4 . 8 . . 3 . . . . . Cutter 3 | . . . . . . . . 3 . . . . . Grunt 60 | . 9 . 13 . 3 22 . 11 . 2 . . . Brawler 4 | . . . . . 1 3 . . . . . . . Duelist 5 | . . . 1 . 1 1 . . 1 . . 1 . Protector 1 | . . . . . . 1 . . . . . . . Sentry 22 | . . . 7 . 5 6 . . . 3 . 1 . Specialist 1 | . . . . . . . . . . . . 1 . Hunter 8 | . . . 1 . 3 1 . . . 1 . 2 . Programmer 12 | . . . . . . 7 . 5 . . . . . Behemoth 1 | . . . . . 1 . . . . . . . . Subdweller 3 | . . 3 . . . . . . . . . . . Best Kill Streak 11 | 3 4 2 11 1 4 5 . 6 1 2 . 2 . Combat Bots Only 8 | . 3 2 8 . 4 3 . 6 1 2 . 2 . Max Kills in Single Turn 3 | 1 1 1 2 1 2 3 . 1 1 1 . 1 . Gunslinging 1 | . . . . . 1 . . . . . . . . Exploded 2 | . 1 . 2 . 1 . . . . . . . . Melee 1 | . . . . . . . . . . . . 1 . Uniques/NPCs Destroyed . | . . . . . . . . . . . . . . Combat | -11 -10 -10 -8 -7 -7 -7 -6 -6 -5 -5 -5 -4 -4 -------- Run | Yrd Mat Sub Mat Fac Gar Fac Fac Gar Fac Ext Cet Fac Gar Hostile Shots Fired 1650 | . 71 19 152 . 329 399 27 279 78 115 20 64 97 Missed 475 | . 18 4 37 . 81 142 11 70 23 41 10 9 29 Damage Taken 14684 | . 588 251 1349 . 2578 2268 69 2914 599 1425 205 1014 1424 Core 3500 | . 128 16 324 . 413 253 . 690 185 239 97 256 899 Absorbed by Shields 233 | . . . . . . 104 27 32 . . . . 70 Redirected to Shielding 143 | . . . . . . 124 . 19 . . . . . Ignored by Resistances 4679 | . 176 70 382 . 1060 837 37 816 170 392 56 280 403 Regen/Repaired (Parts) 178 | . 31 . 35 . . 112 . . . . . . . Core Remaining (%) 42 | 100 . 42 41 . . 4 . 18 . . 47 . . Volleys Fired 742 | 14 58 120 179 2 81 169 . 80 7 26 . 6 . Largest 2 | 2 2 2 2 2 2 2 . 2 2 2 . 2 . Hottest 160 | 140 140 115 155 113 160 135 . 138 105 114 . 102 . Shots Fired 1276 | 15 90 221 295 4 137 328 . 116 12 50 . 8 . Gun 954 | 14 72 133 187 4 121 259 . 95 12 50 . 7 . Cannon 156 | . 7 10 35 . 16 69 . 19 . . . . . Launcher . | . . . . . . . . . . . . . . Special 166 | 1 11 78 73 . . . . 2 . . . 1 . Kinetic 422 | . 15 . 33 . 62 247 . 36 . 24 . 5 . Thermal 642 | 1 17 211 224 2 65 48 . 45 . 26 . 3 . Explosive . | . . . . . . . . . . . . . . Electromagnetic 210 | 14 58 10 38 2 10 33 . 33 12 . . . . Robot Hit Streak 80 | 5 15 42 80 10 31 37 . 26 8 13 . 19 . Robot Miss Streak 3 | 1 2 . 2 . 3 2 . 3 1 1 . . . Penetration Max 1 | . . . . . . 1 . . . 1 . . . Secondary Targets 9 | . . 1 . . 4 . . 3 . 1 . . . Max Gunslinging Chain 1 | . . 1 . . 1 . . 1 . 1 . . . Shots Hit Robots 906 | 12 70 27 238 3 113 248 . 106 11 42 . 32 4 Core Hits 436 | 4 34 8 94 1 76 105 . 74 6 21 . 11 2 Critical Kills 4 | . . . . . . 2 . . . 2 . . . Critical Parts Destroyed 8 | . . . 1 . 1 4 . . . 2 . . . Critical Strikes 53 | . . 2 17 . 3 14 . 5 . 8 . 4 . Burn 22 | . . 2 16 . 1 . . 1 . 2 . . . Destroy 14 | . . . 1 . 1 6 . . . 6 . . . Blast 11 | . . . . . . 8 . 3 . . . . . Corrupt 2 | . . . . . 1 . . 1 . . . . . Sever 4 | . . . . . . . . . . . . 4 . Melee Attacks 43 | . . . . . . 1 . 2 . . . 34 6 Impact . | . . . . . . . . . . . . . . Slashing 42 | . . . . . . . . 2 . . . 34 6 Piercing . | . . . . . . . . . . . . . . Sneak Attacks 1 | . . . . . . 1 . . . . . . . Combat Hostiles . | . . . . . . . . . . . . . . Follow-up Attacks . | . . . . . . . . . . . . . . Damage Inflicted 19376 | 171 1178 337 3589 53 2545 6626 . 2143 251 1063 . 1265 155 Guns 13489 | 171 763 330 2433 53 2178 4725 . 1602 140 1063 . 31 . Cannons 3237 | . 182 . 700 . 279 1551 . 525 . . . . . Explosions 801 | . 131 . 123 . 86 350 . . 111 . . . . Melee 1393 | . . . . . . . . 16 . . . 1234 143 Ramming 16 | . . . 2 . 2 . . . . . . . 12 Kinetic 8542 | . 62 . 660 . 1050 5208 . 966 . 565 . 31 . Thermal 6945 | . 311 337 2227 16 1300 1254 . 891 111 498 . . . Explosive 56 | . . . . . 56 . . . . . . . . Electromagnetic 2424 | 171 805 . 700 37 137 164 . 270 140 . . . . Impact . | . . . . . . . . . . . . . . Slashing 1393 | . . . . . . . . 16 . . . 1234 143 Piercing . | . . . . . . . . . . . . . . Highest Corruption 23 | . . . 1 . 20 17 . 5 . 2 2 1 23 Average Corruption 12 | . . . 1 . 15 14 . 2 . 2 2 1 17 Corruption Purged 10 | . . . . . 5 5 . . . . . . . Corruption Blocked . | . . . . . . . . . . . . . . Effects 277 | . . . 8 . 93 155 . 9 . . 1 . 11 Message Errors 67 | . . . 2 . 24 35 . 3 . . 1 . 2 Matter Fused 54 | . . . . . 20 30 . 3 . . . . 1 Heat Flow Errors 34 | . . . 2 . 11 17 . 1 . . . . 3 Energy Discharges 33 | . . . . . 10 21 . 1 . . . . 1 Parts Rejected 2 | . . . . . . 1 . 1 . . . . . Parts Fused 2 | . . . . . 2 . . . . . . . . Data Loss (minor) 31 | . . . 3 . 12 14 . . . . . . 2 Data Loss (major) 14 | . . . . . 5 9 . . . . . . . Misfires 15 | . . . 1 . 3 11 . . . . . . . Alerts 9 | . . . . . 3 5 . . . . . . 1 Misdirections 4 | . . . . . . 3 . . . . . . 1 Weapon Failures 12 | . . . . . 3 9 . . . . . . . Overload Shots . | . . . . . . . . . . . . . . Overflow Damage 202 | . 7 . 20 . . 157 . 6 9 . . 3 . Projectiles 115 | . . . 20 . . 89 . 6 . . . . . Explosions 84 | . 7 . . . . 68 . . 9 . . . . Melee 3 | . . . . . . . . . . . . 3 . Knockbacks 21 | . . . . . 3 16 . 2 . . . . . Impact . | . . . . . . . . . . . . . . Kinetic 18 | . . . . . 3 13 . 2 . . . . . Secondary 3 | . . . . . . 3 . . . . . . . Self-Inflicted Damage 405 | . 65 . 43 . 175 70 . . 46 . . . 6 Shots 10 | . 3 . 2 . 2 2 . . 1 . . . . Rammed 4 | . . . . . 2 . . . . . . . 2 Targets Rammed 5 | . . . 1 . 2 . . . . . . . 2 Kicked 1 | . . . 1 . . . . . . . . . . Crushed . | . . . . . . . . . . . . . . Highest Temperature 498 | 40 387 249 452 96 498 256 . 304 176 63 . 24 169 Average Temperature 74 | 23 104 113 51 52 135 44 . 60 71 22 . 12 81 Received Heat Transfer 4821 | . 342 274 765 . 462 1030 28 1260 117 312 45 93 93 Effects 11 | . 3 . 1 . 5 2 . . . . . . . Shutdowns 4 | . 1 . 1 . 2 . . . . . . . . Energy Bleed 2 | . . . . . 1 1 . . . . . . . Interference 3 | . 2 . . . . 1 . . . . . . . Matter Decay 1 | . . . . . 1 . . . . . . . . Damage (minor) 1 | . . . . . 1 . . . . . . . . Siege Activations . | . . . . . . . . . . . . . . Robots Corrupted 1 | . . . . . . . . . 1 . . . . Combat Hostiles 1 | . . . . . . . . . 1 . . . . Parts Fried 8 | . 3 . 4 . 1 . . . . . . . . Impact Corruptions . | . . . . . . . . . . . . . . Robots Melted 3 | . . . 2 . 1 . . . . . . . . Combat Hostiles 2 | . . . 1 . 1 . . . . . . . . Parts Melted 38 | . . 4 22 . 3 1 . 8 . . . . . Heat Transferred 18275 | . 585 1111 8324 37 2884 2275 . 1910 150 999 . . . Parts Sabotaged . | . . . . . . . . . . . . . . Parts Stolen . | . . . . . . . . . . . . . . Parts Stripped . | . . . . . . . . . . . . . . Power Chain Reactions 9 | . 4 . 2 . 1 1 . . 1 . . . . Alert | -11 -10 -10 -8 -7 -7 -7 -6 -6 -5 -5 -5 -4 -4 ------- Run | Yrd Mat Sub Mat Fac Gar Fac Fac Gar Fac Ext Cet Fac Gar Peak Influence 1381 | 20 150 . 333 109 1381 733 140 358 223 299 15 120 160 Initial 627 | . 11 . . 101 8 627 125 86 162 93 . 1 61 Average 314 | 6 66 . 127 70 623 486 129 229 164 97 8 31 31 Maximum Alert Level 4 | . . . 1 . 4 3 . 1 1 1 . . . Low Security (%) 46 | 100 100 . 68 100 21 . 100 32 97 78 100 100 100 Level 1 19 | . . . 31 . 19 19 . 67 2 21 . . . Level 2 25 | . . . . . 15 79 . . . . . . . Level 3 5 | . . . . . 26 . . . . . . . . Level 4 3 | . . . . . 16 . . . . . . . . Level 5 . | . . . . . . . . . . . . . . High Security . | . . . . . . . . . . . . . . Max Security . | . . . . . . . . . . . . . . Squads Dispatched 23 | . 3 . 2 1 . 11 . . 1 1 . 4 . Investigation 10 | . 3 . . 1 . 3 . . 1 1 . 1 . Extermination 5 | . . . . . . 5 . . . . . . . Reinforcement 5 | . . . 2 . . 1 . . . . . 2 . Assault 1 | . . . . . . 1 . . . . . . . Garrison 2 | . . . . . . 1 . . . . . 1 . Intercept . | . . . . . . . . . . . . . . Searches Triggered . | . . . . . . . . . . . . . . Construction Impeded 1 | . . . 1 . . . . . . . . . . Haulers Reinforced . | . . . . . . . . . . . . . . Active Scanning Responses . | . . . . . . . . . . . . . . Cargo Convoy Interrupts . | . . . . . . . . . . . . . . Stealth | -11 -10 -10 -8 -7 -7 -7 -6 -6 -5 -5 -5 -4 -4 --------- Run | Yrd Mat Sub Mat Fac Gar Fac Fac Gar Fac Ext Cet Fac Gar Distress Signals 10 | . 2 . 3 . . 1 . . . 2 1 1 . Communications Jammed . | . . . . . . . . . . . . . . Distress Signals . | . . . . . . . . . . . . . . Times Spotted 259 | . 19 12 41 1 32 61 1 32 11 18 5 14 12 Peak Tracking Total 9 | . 4 4 5 1 5 6 1 8 9 4 5 5 9 Tactical Retreats 25 | . 1 . 2 . 5 4 . 5 2 1 . 2 3 Traps | -11 -10 -10 -8 -7 -7 -7 -6 -6 -5 -5 -5 -4 -4 ------- Run | Yrd Mat Sub Mat Fac Gar Fac Fac Gar Fac Ext Cet Fac Gar Traps Triggered 17 | . 5 . . 1 4 . . 2 . 2 . . 3 Indirectly . | . . . . . . . . . . . . . . Trap Hack Attempts . | . . . . . . . . . . . . . . Triggered . | . . . . . . . . . . . . . . Disarmed 6 | . . . 6 . . . . . . . . . . Reprogrammed 6 | . . . 6 . . . . . . . . . . Reused . | . . . . . . . . . . . . . . Traps Extracted . | . . . . . . . . . . . . . . Installed . | . . . . . . . . . . . . . . Triggered 1 | . . . . . 1 . . . . . . . . Machines | -11 -10 -10 -8 -7 -7 -7 -6 -6 -5 -5 -5 -4 -4 ---------- Run | Yrd Mat Sub Mat Fac Gar Fac Fac Gar Fac Ext Cet Fac Gar Machines Disabled 25 | . 1 . 3 . 5 14 . . . 2 . . . Max in Single Turn 5 | . 1 . 2 . 2 5 . . . 1 . . . Garrison Access 2 | . . . . . . 2 . . . . . . . Phase Generator 1 | . . . . . 1 . . . . . . . . Machines Repaired . | . . . . . . . . . . . . . . Machines Dismantled . | . . . . . . . . . . . . . . Machines Sabotaged . | . . . . . . . . . . . . . . Overloaded Fab Kills . | . . . . . . . . . . . . . . Hacking | -11 -10 -10 -8 -7 -7 -7 -6 -6 -5 -5 -5 -4 -4 --------- Run | Yrd Mat Sub Mat Fac Gar Fac Fac Gar Fac Ext Cet Fac Gar Machines Accessed 53 | . 8 . 9 4 2 14 1 1 3 7 . 3 1 Terminals 39 | . 7 . 7 2 2 8 . 1 3 7 . 1 1 Fabricators 3 | . . . . 1 . 1 . . . . . 1 . Repair Stations 3 | . 1 . 1 . . 1 . . . . . . . Recycling Units . | . . . . . . . . . . . . . . Scanalyzers 3 | . . . 1 . . 2 . . . . . . . Garrison Access 5 | . . . . 1 . 2 1 . . . . 1 . Total Hacks 160 | . 22 . 44 12 9 35 2 2 5 21 . 7 1 Successful 96 | . 11 . 30 5 1 24 2 1 3 12 . 6 1 Failed 64 | . 11 . 14 7 8 11 . 1 2 9 . 1 . Catastrophic 8 | . . . 2 1 2 2 . . 1 . . . . Database Lockouts . | . . . . . . . . . . . . . . Manual 5 | . . . 3 2 . . . . . . . . . Terminals 126 | . 19 . 35 8 9 23 . 2 5 21 . 3 1 Fabricators 8 | . . . . 3 . 3 . . . . . 2 . Repair Stations 10 | . 3 . 5 . . 2 . . . . . . . Recycling Units . | . . . . . . . . . . . . . . Scanalyzers 9 | . . . 4 . . 5 . . . . . . . Garrison Access 7 | . . . . 1 . 2 2 . . . . 2 . Terminal Hacks 66 | . 9 . 21 2 1 14 . 1 3 12 . 2 1 Record 11 | . . . 4 . . 4 . . . 3 . . . Part Schematic 3 | . . . . . . 2 . . . 1 . . . Robot Schematic 1 | . . . . . . 1 . . . . . . . Robot Analysis 1 | . . . 1 . . . . . . . . . . Prototype ID Bank 5 | . . . 1 . . 2 . . 1 1 . . . Open Door 7 | . . . . . . . . . 1 5 . . 1 Open DSF 1 | . . . . 1 . . . . . . . . . Branch Access Points 2 | . 1 . 1 . . . . . . . . . . Emergency Access Points 2 | . . . . . 1 . . 1 . . . . . Terminal Index 2 | . . . 1 . . . . . 1 . . . . Scanalyzer Index 1 | . . . . . . . . . . . . 1 . Alert Level 7 | . . . 1 . . 5 . . . 1 . . . Unreport Threat 3 | . 1 . 2 . . . . . . . . . . Locate Traps 6 | . 2 . 2 1 . . . . . 1 . . . Disarm Traps 1 | . . . 1 . . . . . . . . . . Reprogram Traps 1 | . . . 1 . . . . . . . . . . Dispatch Records 1 | . 1 . . . . . . . . . . . . Patrol Status 1 | . . . 1 . . . . . . . . . . Transport Status 1 | . . . 1 . . . . . . . . . . Investigation Status 2 | . 1 . 1 . . . . . . . . . . Hauler Manifests 1 | . 1 . . . . . . . . . . . . Registered Components 1 | . 1 . . . . . . . . . . . . Registered Prototypes 1 | . . . 1 . . . . . . . . . . Zone Layout 4 | . 1 . 2 . . . . . . . . 1 . Fabricator Hacks 4 | . . . . 1 . 1 . . . . . 2 . Network Status 1 | . . . . 1 . . . . . . . . . Load Schematic 2 | . . . . . . 1 . . . . . 1 . Build 1 | . . . . . . . . . . . . 1 . Repair Station Hacks 8 | . 2 . 4 . . 2 . . . . . . . Scan Component 4 | . 1 . 2 . . 1 . . . . . . . Repair 4 | . 1 . 2 . . 1 . . . . . . . Recycling Unit Hacks . | . . . . . . . . . . . . . . Scanalyzer 9 | . . . 4 . . 5 . . . . . . . Insert Component 4 | . . . 2 . . 2 . . . . . . . Analyze 5 | . . . 2 . . 3 . . . . . . . Garrison Access Hacks 7 | . . . . 1 . 2 2 . . . . 2 . Unlock Access 3 | . . . . 1 . . 1 . . . . 1 . Seal Access 2 | . . . . . . 2 . . . . . . . Coupler Status 2 | . . . . . . . 1 . . . . 1 . Unauthorized Hacks 2 | . . . 1 1 . . . . . . . . . Terminals 2 | . . . 1 1 . . . . . . . . . Assimilate 2 | . . . 1 1 . . . . . . . . . Fabricators . | . . . . . . . . . . . . . . Repair Stations . | . . . . . . . . . . . . . . Recycling Units . | . . . . . . . . . . . . . . Scanalyzers . | . . . . . . . . . . . . . . Garrison Access . | . . . . . . . . . . . . . . Data Cores Recovered 1 | . . . . . . 1 . . . . . . . Used 1 | . . . . . . 1 . . . . . . . Hacking Detections 37 | . 8 . 6 1 2 8 1 1 2 4 . 3 1 Full Trace Events 10 | . 2 . 1 . 1 3 . . 1 1 . 1 . Feedback Events 1 | . . . 1 . . . . . . . . . . Corruption 1 | . . . 1 . . . . . . . . . . Feedback Blocked . | . . . . . . . . . . . . . . Robot Schematics Acquired 1 | . . . . . . 1 . . . . . . . Robots Built 3 | . . . . . . . . . . . . 3 . Authchips . | . . . . . . . . . . . . . . Time 49 | . . . . . . . . . . . . 49 . Total Robot Build Rating 6 | . . . . . . . . . . . . 6 . Part Schematics Acquired 7 | . . . 2 . . 4 . . . 1 . . . Parts Built . | . . . . . . . . . . . . . . Authchips . | . . . . . . . . . . . . . . Time . | . . . . . . . . . . . . . . Total Part Build Rating . | . . . . . . . . . . . . . . Parts Repaired 4 | . 1 . 2 . . 1 . . . . . . . Time 146 | . 26 . 52 . . 68 . . . . . . . Parts Recycled . | . . . . . . . . . . . . . . Recycled Matter . | . . . . . . . . . . . . . . Retrieved Matter . | . . . . . . . . . . . . . . Retrieved Components . | . . . . . . . . . . . . . . Parts Scanalyzed 4 | . . . 2 . . 2 . . . . . . . Part Schematics Acquired 4 | . . . 2 . . 2 . . . . . . . Parts Damaged 3 | . . . 1 . . 2 . . . . . . . Bothacking | -11 -10 -10 -8 -7 -7 -7 -6 -6 -5 -5 -5 -4 -4 ------------ Run | Yrd Mat Sub Mat Fac Gar Fac Fac Gar Fac Ext Cet Fac Gar Used RIF Installer 2 | . . . . . 1 . . 1 . . . . . Patrol Navigation 1 | . . . . . . . . 1 . . . . . Robots Hacked . | . . . . . . . . . . . . . . Non-combat . | . . . . . . . . . . . . . . Combat . | . . . . . . . . . . . . . . Robot Hacks Applied . | . . . . . . . . . . . . . . Relay Couplers Released 3 | . . . . . . 3 . . . . . . . Programmers 3 | . . . . . . 3 . . . . . . . Attached 1 | . . . . . . 1 . . . . . . . Fabnet Peak Effective % . | . . . . . . . . . . . . . . Robots Rewired 8 | . . . . . . . . 1 . 7 . . . Allies Hacked . | . . . . . . . . . . . . . . Hacks Repelled . | . . . . . . . . . . . . . . Allies | -11 -10 -10 -8 -7 -7 -7 -6 -6 -5 -5 -5 -4 -4 -------- Run | Yrd Mat Sub Mat Fac Gar Fac Fac Gar Fac Ext Cet Fac Gar Total Allies 23 | . . . 1 1 2 . . 1 . 13 . 3 2 Largest Group 10 | . . . 1 1 2 . . 1 . 10 . 3 2 Highest-Rated Group 284 | . . . 10 26 190 . . 32 . 284 . 54 80 Highest-Rated Ally 95 | . . . 10 26 95 . . 32 . 39 . 18 51 Total Orders 2 | . . . 2 . . . . . . . . . . ROAM 1 | . . . 1 . . . . . . . . . . FOLLOW 1 | . . . 1 . . . . . . . . . . Ally Attacks 123 | . . . . . 29 . . 2 . 72 . 11 9 Total Damage 3866 | . . . . . 1460 . . 71 . 1682 . 293 360 Kills 21 | . . . . . 8 . . . . 7 . 2 4 Allies Corrupted . | . . . . . . . . . . . . . . Allies Melted . | . . . . . . . . . . . . . . Intel | -11 -10 -10 -8 -7 -7 -7 -6 -6 -5 -5 -5 -4 -4 ------- Run | Yrd Mat Sub Mat Fac Gar Fac Fac Gar Fac Ext Cet Fac Gar Robot Analysis Total 1 | . . . 1 . . . . . . . . . . Derelict Logs Recovered . | . . . . . . . . . . . . . . Drone Launches . | . . . . . . . . . . . . . . Drone Recoveries . | . . . . . . . . . . . . . . Exploration | -11 -10 -10 -8 -7 -7 -7 -6 -6 -5 -5 -5 -4 -4 ------------- Run | Yrd Mat Sub Mat Fac Gar Fac Fac Gar Fac Ext Cet Fac Gar Turns Passed 15717 | 113 1099 2859 1886 586 2511 3606 235 809 172 969 65 592 215 Spaces Moved 8867 | 65 857 647 1586 243 1442 1820 118 563 221 699 55 352 199 Core 262 | 6 . . 2 . 2 . . 19 18 88 . . 127 Treads 773 | . 105 . . . 664 . . 4 . . . . . Legs 4451 | . . . 203 243 776 1820 118 201 . 611 55 352 72 Wheels 1850 | 59 752 647 392 . . . . . . . . . . Hover 330 | . . . . . . . . 127 203 . . . . Flight 1201 | . . . 989 . . . . 212 . . . . . Fastest Speed 29 | 50 80 80 32 125 120 110 200 29 45 50 120 105 50 Average Speed 111 | 95 91 95 60 129 147 152 200 80 57 111 120 119 72 Slowest Speed 330 | 100 160 110 300 130 250 330 200 235 120 190 120 190 120 Overloaded Moves . | . . . . . . . . . . . . . . Propulsion Burnouts . | . . . . . . . . . . . . . . Robots Hopped 13 | . . . 13 . . . . . . . . . . Cave-ins Triggered . | . . . . . . . . . . . . . . Exploration Rate (%) 38 | 4 96 26 68 7 98 46 5 40 6 76 23 9 36 Regions Visited 13 Branch Regions 3 Pre-discovered Areas . | . . . . . . . . . . . . . . Known Exits Taken 5 | . . . . 1 . . 1 . . 1 1 1 . Unknown Exits Taken 6 | 1 1 1 1 . . 1 . . 1 . . . . Scrap Searched 7 | . . 7 . . . . . . . . . . . Spaces Dug 3 | . . . 1 . . . . . . . . 2 . Terrain Destroyed 261 | . 4 . 10 . 124 109 . . 9 3 . 2 . Melee 1 | . . . . . . . . . . . . 1 . Projectile 29 | . 1 . 2 . . 22 . . . 3 . 1 . AOE 231 | . 3 . 8 . 124 87 . . 9 . . . . Terrain Rammed . | . . . . . . . . . . . . . . Walls Destroyed . | . . . . . . . . . . . . . . Machines Disabled . | . . . . . . . . . . . . . . Actions | -11 -10 -10 -8 -7 -7 -7 -6 -6 -5 -5 -5 -4 -4 --------- Run | Yrd Mat Sub Mat Fac Gar Fac Fac Gar Fac Ext Cet Fac Gar Total 13287 | 98 1074 2647 2177 512 1682 2320 118 795 254 838 54 458 260 Wait 2997 | 1 101 1843 316 256 85 240 1 36 10 36 . 43 29 Move 8822 | 64 856 646 1559 242 1436 1819 117 561 220 698 54 351 199 Hop 13 | . . . 13 . . . . . . . . . . Pick Up 176 | 12 16 5 29 4 23 21 . 40 2 17 . 3 4 Fast Attach 84 | . 6 5 15 1 13 20 . 5 3 7 . 9 . Attach 127 | 7 4 2 18 3 18 10 . 40 3 15 . 3 4 Detach 8 | . . 1 . . . 1 . 3 3 . . . . Swap 67 | . 11 10 18 . 5 11 . 4 2 1 . 5 . Drop 123 | . 22 11 29 4 14 26 . 7 4 2 . 4 . Fire 742 | 14 58 120 179 2 81 169 . 80 7 26 . 6 . Melee 43 | . . . . . . 1 . 2 . . . 34 6 Ram 1 | . . . . . . . . . . . . . 1 Kick 1 | . . . 1 . . . . . . . . . . Crush 2 | . . . . . 2 . . . . . . . . Escape Stasis 35 | . . . . . 5 . . 8 . 5 . . 17 Rewire 42 | . . . . . . 2 . 9 . 31 . . . Trap . | . . . . . . . . . . . . . . Miscellaneous 4 | . . 4 . . . . . . . . . . . Route ------- -11/Scrapyard -10/Materials (discovered 5 exits: [*Mat x3] / *Min / [*Sub]) -10/Subcaves -8/Materials (discovered 2 exits: *Fac x2) -7/Factory (discovered 2 exits: [*Low] / Gar) -7/Garrison (discovered 3 exits: *Fac x3) -7/Factory (discovered 3 exits: *Fac x2 / [*Low]) -6/Factory -6/Garrison -5/Factory -5/Extension (discovered 3 exits: *Fac x2 / *Cet) -5/Cetus -4/Factory (discovered 2 exits: [*Upp] / Gar) -4/Garrison History --------- Turn | Location | Event 16 | -11/Scrapyard | Discovered new exit (range 16) 114 | -11/Scrapyard | Entered Materials 337 | -10/Materials | Build established: Mutant 362 | -10/Materials | Repaired Wheel? 478 | -10/Materials | Discovered new exit (range 11) 534 | -10/Materials | Identified exit to Mines 766 | -10/Materials | Discovered new exit (range 14) 1037 | -10/Materials | Discovered new exit (range 9) 1098 | -10/Materials | Core integrity fell below 50% 1209 | -10/Materials | Discovered new exit (range 7) 1213 | -10/Materials | Entered Subcaves 1274 | -10/Subcaves | A swath of the cavern ceiling suddenly collapsed 1369 | -10/Subcaves | Ambushed by swarm of Subdwellers 1373 | -10/Subcaves | Ambushed by Subdwellers from Twisted Machinery 2571 | -10/Subcaves | Shifting Twisted Machinery released Mak. System Shield 3116 | -10/Subcaves | Shifting Twisted Machinery released Enh. Flamer 3123 | -10/Subcaves | Shifting Twisted Machinery released Sub. Shrapnel Launcher 3131 | -10/Subcaves | Shifting Twisted Machinery released Scrap Shield 4044 | -10/Subcaves | Discovered new exit (range 6) 4072 | -10/Subcaves | Entered Materials 4072 | -8/Materials | Evolved 4 slots: Utility x4 4368 | -8/Materials | Destroyed 8 combat bots 4569 | -8/Materials | Lost 4 parts (1p1u2w) 4700 | -8/Materials | Core integrity fell below 50% 5022 | -8/Materials | Repaired Welding Torch 5158 | -8/Materials | Discovered new exit (range 12) 5224 | -8/Materials | Build established: Hacker-Sprinter 5284 | -8/Materials | Repaired Structural Scanner 5723 | -8/Materials | Discovered new exit (range 6) 5927 | -8/Materials | Build established: Hacker-Mutant 5958 | -8/Materials | Entered Factory 5958 | -7/Factory | Evolved 2 slots: Power x1, Utility x1 6431 | -7/Factory | Discovered new exit (range 16) 6538 | -7/Factory | Identified exit to Garrison 6544 | -7/Factory | Entered Garrison 6544 | -7/Garrison | Accompanied by 1 ally 6636 | -7/Garrison | Triggered checkpoint 6636 | -7/Garrison | Triggered checkpoint 6781 | -7/Garrison | System corruption reached 10% 6839 | -7/Garrison | Lost 13 parts (3p1n7u2w) 7065 | -7/Garrison | Build established: Scavenger-Mutant 7210 | -7/Garrison | Discovered new exit (range 8) 7339 | -7/Garrison | Phase Generator disabled 7340 | -7/Garrison | Core integrity fell below 50% 7410 | -7/Garrison | Triggered checkpoint 7431 | -7/Garrison | Attempted to access garrison exit controls, blocked by remote lockdown 7509 | -7/Garrison | Spotted B-75 Beast 7710 | -7/Garrison | Triggered checkpoint 7825 | -7/Garrison | Found embedded Infiltrators 7932 | -7/Garrison | Installed Relay Interface Framework 7995 | -7/Garrison | Discovered new exit (range 10) 8034 | -7/Garrison | Triggered checkpoint 8212 | -7/Garrison | Triggered checkpoint 8283 | -7/Garrison | Discovered new exit (range 11) 8496 | -7/Garrison | Triggered checkpoint 8770 | -7/Garrison | Destroyed B-75 Beast 8964 | -7/Garrison | Build established: Hacker-Mutant 9055 | -7/Garrison | Entered Factory 9855 | -7/Factory | First assault squad dispatched 10303 | -7/Factory | Build established: Scavenger-Mutant 10376 | -7/Factory | Discovered new exit (range 6) 10774 | -7/Factory | Repaired Biometal Leg 11045 | -7/Factory | Garrison activated, responded to threat 11512 | -7/Factory | Core integrity fell below 20% 11653 | -7/Factory | Lost 3 parts (1n1u1w) 11755 | -7/Factory | Discovered new exit (range 10) 12366 | -7/Factory | Discovered new exit (range 11) 12661 | -7/Factory | Entered another Factory area 12661 | -6/Factory | Evolved 2 slots: Power x1, Propulsion x1 12894 | -6/Factory | Identified exit to Garrison 12896 | -6/Factory | Entered Garrison 13022 | -6/Garrison | Triggered checkpoint 13072 | -6/Garrison | Lost 4 parts (1p3u) 13098 | -6/Garrison | Triggered checkpoint 13153 | -6/Garrison | Lost 4 parts (1p2u1w) 13213 | -6/Garrison | Lost 4 parts (2n1u1w) 13348 | -6/Garrison | Lost 5 parts (1p2n1u1w) 13412 | -6/Garrison | Core integrity fell below 50% 13454 | -6/Garrison | Lost 12 parts (2p1n6u3w) 13495 | -6/Garrison | Expanded RIF knowledge: Patrol Navigation 13606 | -6/Garrison | Core integrity fell below 20% 13639 | -6/Garrison | Lost 3 parts (2n1w) 13674 | -6/Garrison | Discovered new exit (range 14) 13705 | -6/Garrison | Entered Factory 13705 | -5/Factory | Evolved 2 slots: Utility x2 13875 | -5/Factory | Discovered new exit (range 5) 13877 | -5/Factory | Entered Extension 13909 | -5/Extension | Rescued a captive Derelict 13915 | -5/Extension | Rescued a captive Derelict 13916 | -5/Extension | Rescued a captive Derelict 13929 | -5/Extension | Lost 9 parts (2p3n1u3w) 13980 | -5/Extension | Lost 3 allies 14139 | -5/Extension | Rescued a captive Derelict 14204 | -5/Extension | Rescued a captive Derelict 14205 | -5/Extension | Rescued a captive Derelict 14237 | -5/Extension | Spotted B-75 Beast 14245 | -5/Extension | Spotted B-75 Beast 14277 | -5/Extension | Allies destroyed B-75 Beast 14301 | -5/Extension | Lost 7 parts (2p2n1u2w) 14326 | -5/Extension | Lost 10 allies 14459 | -5/Extension | Discovered new exit (range 3) 14647 | -5/Extension | Build established: Scavenger-Skirmisher 14717 | -5/Extension | Discovered new exit (range 18) 14718 | -5/Extension | Discovered new exit (range 17) 14751 | -5/Extension | Identified exit to Cetus 14764 | -5/Extension | Identified exit to Factory 14846 | -5/Extension | Entered Cetus 14862 | -5/Cetus | Spotted Cetus Guard 14862 | -5/Cetus | Spotted Cetus Guard 14863 | -5/Cetus | Spotted Cetus Guard 14880 | -5/Cetus | Spotted Cetus Guard 14890 | -5/Cetus | Discovered exit to Factory (range 18) 14892 | -5/Cetus | Core integrity fell below 50% 14911 | -5/Cetus | Entered Factory 14911 | -4/Factory | Evolved 2 slots: Propulsion x1, Utility x1 15103 | -4/Factory | Discovered new exit (range 13) 15123 | -4/Factory | Fabricated L-31 Rogue? 15198 | -4/Factory | Lost 3 allies 15365 | -4/Factory | Lost 3 parts (1p1n1u) 15410 | -4/Factory | Garrison activated, responded to threat 15433 | -4/Factory | Build established: Scavenger-Assassin 15502 | -4/Factory | Identified exit to Garrison 15503 | -4/Factory | Entered Garrison 15529 | -4/Garrison | Triggered checkpoint 15541 | -4/Garrison | System corruption reached 10% 15583 | -4/Garrison | Spotted B-90 Cyclops 15588 | -4/Garrison | Spotted B-86 Titan 15609 | -4/Garrison | Core integrity fell below 50% 15630 | -4/Garrison | Spotted B-86 Titan 15635 | -4/Garrison | Triggered checkpoint 15638 | -4/Garrison | Lost 12 parts (1p2n5u4w) 15663 | -4/Garrison | Triggered checkpoint 15666 | -4/Garrison | Core integrity fell below 20% 15718 | -4/Garrison | Core destroyed Last Messages --------------- (Destroy). 15706_ S-27 Virus destroyed. 15706_ Y-64 Sentinel suffers critical hit (Destroy). 15706_ Slug penetrates UM-E0E(h). 15709_ HV Slug penetrates Y-64 Sentinel. 15709_ Y-64 Sentinel suffers critical hit (Destroy). 15709_ Y-64 Sentinel destroyed. 15709_ Slug penetrates UM-E0E(h). 15712_ UM-E0E(h) destroyed. 15713_ System corrupted: Heat flow error (+154). 15713_ Acquired VTOL Module. 15715_ Penetrated by Slug. 15715_ VTOL Module destroyed. 15716_ Acquired VTOL Module. 15717_ VTOL Module destroyed. 15718_ Slammed into L-61 Swordsman. 15718_ Destabilizing: Core damaged (-11). [Achievement: This Is Interesting...] Map ----- +----------------------------------------------------+ | ??????????????????????????????????????? | | ??????????????????????????????????????? | | ??????????????????????????????????????? | | ??????????????????????????????????????? | | ??????????????????????????????????????? | | ??????????????????????????????????????? | | ??????????????????????????????????????? | | ??????????????????????????????????????? | | ??????????????????????????????????????? | | ??????????????????????????????????????? | | ??????????????????????????????????????? | | ??????????????????????????????????????? | | ??????????????????????????????????????? | | ??????????????????????????????????????? | | ??????????????????????????????????????? | | ??????????????????????????????????????? | | ??????????????????????????????????????? | | ??????????????????????????????????????? | | ??????????????????????????????????????? | | ??????????????????????????????????????? | | ??????????????????????????????????????? | | ???????????####???????????????????????? | | ???????????#!*#??#####????????????????? | | ???????????##%####!!!###??????????????? | | ???????????#T= l* #?????????? ??? | | ???????????#=Y@###!!!# #?????????? ??? | | ???????????#=[!####### #######???# #?? | | ???????????###### ?? | | ????????????????# ###"""######???# ?? | | ????????????????# #??????????????# #?? | | ??????????????### #??????????????# #?# | | ??????????????#"# #??????????????# ## | | ??????????????#" #??????????????# ## | | ??????????????#" #??????????????# # | | ??????????????#" #??#???????????# ## | | ??????????????#"# #??# ??????????# ## | | ??????????????### #?##+##????????# ## | | ????????????????# #?# #????????# ##" | | ????????????????# ### ########## | | ????????????????# | | ????????????????######%################ | | ?????????????????#!!!# #??????????????? | | ?????????????????#! #??????????????? | | ?????????????????#!!!###??????????????? | | ?????????????????####?????????????????? | | ??????????????????????????????????????? | | ??????????????????????????????????????? | | ??????????????????????????????????????? | | ??????????????????????????????????????? | | ??????????????????????????????????????? | +----------------------------------------------------+ Best States ------------- Heat Dissipation 117 Energy Generation 44 Energy Capacity 620 Matter Stores 350 Matter Capacity 350 Sight Range 18 Robot Scan Range 15 Terrain Scan Range 16 Terrain Scan Density 160 Armor Coverage 800 Resistance: KI 50 Resistance: TH 40 Resistance: EX 20 Resistance: EM 40 Resistance: I 20 Resistance: S 20 Resistance: P 20 Core Shielding 20 Weapon Shielding 66 Phase Shifting 15 Evasion (%) 65 Targeting Accuracy 14 Launcher Accuracy 30 Target Analysis 7 Armor Integrity Analysis 30 Recoil Reduction 2 Offensive Hacking 24 Defensive Hacking 31 Relay Coupler Types 1 Relay Coupler Value 22 Authchip Count 6 Trap Extractor Capacity 4 Item Schematics ----------------- Imp. VTOL Module | -8/Materials | Scanalyzed Welding Torch | -8/Materials | Scanalyzed Imp. Heat Sink | -7/Factory | Scanalyzed Enh. Gauss Cannon | -7/Factory | Hacked Gauss Rifle | -7/Factory | Hacked Imp. Sensor Array | -7/Factory | Scanalyzed Q-thruster | -5/Extension | Hacked Robot Schematics ------------------ L-31 Rogue | -7/Factory | Hacked Fabricated ------------ L-31 Rogue | x3 | -4/Factory Alien Tech Used ----------------- None Achievements -------------- Close Call Dynamic Key Maximum Efficiency More Dakka Please My Command Is Your Wish This Is Interesting... True Hacker Challenges ------------ None Game ------ Seed StructuralCoolingDoomcannon Manual? 0 Play Time 03:06:08 Cumulative 31.0 hours Start 2024.05.06 @ 09:47:32 End 2024.05.07 @ 09:55:12 Sessions 3 Manual Loads 0 Difficulty Adventurer Special Mode None Game No. 24 Rogue 11 Adventurer 6 Explorer 7 Win Type - Total 1 Types 1/0/0/0/0/0/0/0/0 Lore% 25 Gallery% 38 Achievement% 33 Wizard Run 0 Options --------- Layout 1 ASCII 0 Keyboard 0 Movement Numpad Keybinds 0 Fullscreen 1 Font 24/Smallcaps Map View 50x35 Zoom Use 0% Tactical HUD 1 Map Filters NONE Filters NONE Steam 1 RUN: 05c8c63e-eed1-445e-9387-e7df2dd5aeb5